 Dungeon Crawl Stone Soup version 0.29.0-4-gdea44cf6ec (webtiles) character file.

Game seed: 6270764249301878730

14147 qw the Cleaver (level 11, -17/87 HPs)
             Began as a Demonspawn Cinder Acolyte on Sept 9, 2022.
             Was a Believer of Okawaru.
             Shot with an arrow by Nessos (19 damage)
             ... on level 4 of the Lair of Beasts.
             The game lasted 00:04:38 (15844 turns).

qw the Cleaver (Demonspawn Cinder Acolyte)         Turns: 15844, Time: 00:04:38

Health: -17/87     AC: 33    Str: 22 (23) XL:     11   Next: 84%
Magic:  0/14       EV: 13    Int: 15      God:    Okawaru [**....]
Gold:   563        SH:  6    Dex: 13      Spells: 12/12 levels left

rFire   . . .      SeeInvis +   u - +11 hand axe "Emif" {protect, Str+4}
rCold   + . .      Faith    .   h - +0 buckler
rNeg    + . .      Spirit   +   s - +4 plate armour of the Gastropod {Slay+2}
rPois   .          Reflect  .   t - -2 helmet {SInv}
rElec   .          Harm     .   l - +1 cloak
rCorr   .          Rampage  .   q - +1 pair of gloves
Will    .....                   d - +0 pair of boots of Panentheism {rF+ rN+ Dex+4}
Stlth   ..........              (no amulet)
HPRegen 0.24/turn               b - +4 ring of evasion
MPRegen 0.28/turn               a - ring of protection from cold

@: about to teleport, heroic, under a protective aura, fire susceptible
A: magic shield, magic regeneration, sharp scales 1, demonic magic 1, weakness
stinger 2, deterioration 1
a: Renounce Religion, Heroism


You were on level 4 of the Lair of Beasts.
You worshipped Okawaru.
Okawaru was pleased with you.
You visited 3 branches of the dungeon, and saw 13 of its levels.
You also visited: Sewer.

You collected 860 gold pieces.
You spent 297 gold pieces at shops.


Innate Abilities, Weirdness & Mutations

When hurt, damage is shared between your health and your magic reserves.
You regenerate magic rapidly.
You are partially covered in razor-sharp scales. (AC +1, Slay +1)
Spells you cast may paralyse adjacent enemies.
You have a tail ending in a sharp stinger.
Your body sometimes deteriorates upon taking damage.


   Skills:
 + Level 8.6(13.6) Fighting
 - Level 13.0(18.0) Axes
 - Level 2.2(7.2) Throwing
 - Level 7.0(12.0) Armour
 - Level 3.3(8.3) Dodging
 - Level 4.3(9.3) Shields
 - Level 1.0 Spellcasting
 - Level 2.6 Fire Magic
 - Level 4.1 Invocations


You had 12 spell levels left.
You didn't know any spells.
Your spell library contained the following spells:

 Spells                   Type           Power      Damage    Failure   Level
 Scorch                   Fire           16%        2d5       87%         2

Inventory:

Hand Weapons
 i - a -1 hand axe of flaming
 u - the +11 hand axe "Emif" (weapon) {protect, Str+4}
   (You found it on level 2 of the Lair of Beasts)

   It grants its wielder temporary protection when it strikes (+7 to AC).
   Str:       It affects your strength (+4).
Missiles
 x - 8 boomerangs (quivered)
Armour
 d - the +0 pair of boots of Panentheism (worn) {rF+ rN+ Dex+4}
   (You acquired it on level 4 of the Dungeon)

   Dex:       It affects your dexterity (+4).
   rF:        It protects you from fire.
   rN:        It protects you from negative energy.
 h - a +0 buckler (worn)
 k - a +0 helmet
 l - a +1 cloak (worn)
 q - a +1 pair of gloves (worn)
 s - the +4 plate armour of the Gastropod (worn) {Slay+2}
   (You found it on level 7 of the Dungeon)

   Slay:      It affects your accuracy & damage with ranged weapons and melee
   (+2).
 t - a -2 helmet of see invisible (worn)
 w - a scarf of harm
Jewellery
 a - a ring of protection from cold (right hand)
 b - a +4 ring of evasion (left hand)
 c - a ring of willpower
 o - a ring of resist corrosion
 v - a ring of positive energy
Scrolls
 g - 2 scrolls of identify
 j - 5 scrolls of teleportation
Potions
 e - 2 potions of curing
 f - 2 potions of might
 m - a potion of cancellation
 n - 3 potions of haste
 p - a potion of resistance

Dungeon Overview and Level Annotations

Branches:
Dungeon (9/15)             Temple (1/1) D:6            Lair (2/5) D:9
    Orc (0/2) D:9           Sewer (visited)
  Swamp: Lair:2-3    Shoals: Lair:2-3     Snake: Lair:2-3    Spider: Lair:2-3

Altars:
Ashenzari
Dithmenos
Fedhas
Gozag
Hepliaklqana
Kikubaaqudgha
Makhleb
Nemelex Xobeh
Okawaru
Ru
Sif Muna
Trog
Uskayaw
Vehumet
Wu Jian
Xom
Yredelemnul

Shops:
D:1 [   D:3 [   D:4 *   D:5 (   D:7 *

Annotations:
D:5 1 transporter, qw's ghost, novice GrFi
D:8 2 transporters, qw's ghost, novice DsCA
Lair:4 Nessos


Message History

Found a potion of brilliance, 18 gold pieces and a scroll of poison.
Found a stone staircase leading down.
The bullfrog croaks.
Enter note: Throw: 8 boomerangs
Press: ? - help, Q - select action Shift-Dir - straight line, f - bullfrog You throw a boomerang.
The boomerang hits the bullfrog.
The bullfrog is lightly wounded.
15837 ||| READING 7 scrolls of teleportation.
As you read the scroll of teleportation, it crumbles to dust.
You feel strangely unstable. You block the bullfrog's attack.
You slice the bullfrog!!
Your tail-slap misses the bullfrog.
The bullfrog is almost dead.
The bullfrog hits you but does no damage.
You slice the bullfrog!!
You kill the bullfrog!
Okawaru accepts your kill.
You start resting.
Your surroundings suddenly seem different.
Nessos and a komodo dragon come into view.
Found 15 gold pieces.
Nessos shouts!
The komodo dragon hisses angrily.
Nessos mumbles some strange words.
Nessos blinks!
15841 ||| READING 6 scrolls of teleportation.
As you read the scroll of teleportation, it crumbles to dust.
You feel strangely unstable.
Nessos wields a +3 longbow of flaming.
It bursts into flame!
Nessos shoots an arrow.
You block the arrow.
Nessos shoots an arrow.
The arrow hits you! The arrow burns you.
You slash the komodo dragon!
The komodo dragon is lightly wounded.
Nessos mumbles some strange words.
Nessos blinks!
The komodo dragon bites you!
Your body deteriorates!
You feel weakened.
You hit the komodo dragon.
The komodo dragon is moderately wounded.
Nessos shoots an arrow.
The arrow hits you!!
You die...

###. #####...c
######........
##.............
##..............
................
...#
#...@l...ยค..
..##
##.##.#$....
..P# ## ## ##.
...## ##..P
.^.#### ##.....#
#..%..PP
#%).#P.P ......P
.


You could see Nessos and a komodo dragon.

Vanquished Creatures
  Rupert (Lair:4)
  A catoblepas (Lair:2)
  A deep elf pyromancer (D:9)
  Joseph (D:8)
  4 cane toads
  Maggie (D:7)
  A komodo dragon (Lair:2)
  A troll (D:7)
  10 blink frogs
  A hornet (D:9)
  Prince Ribbit (D:6)
  4 dream sheep (Lair:4)
  Sigmund (D:6)
  9 yaks (Lair:1)
  2 wyverns
  A wraith (D:8)
  2 fire elementals (Lair:1)
  2 steam dragons
  Edmund (D:4)
  An acid dragon (D:8)
  4 water moccasins
  Duvessa (D:5)
  An orc warrior (D:9)
  2 ice beasts
  2 ogres
  4 black bears
  3 centaurs
  A phantom (D:5)
  4 bullfrogs
  2 necrophages
  16 wights
  Dowan (D:5)
  2 electric eels (Lair:1)
  2 hounds
  4 jellies
  3 orc priests
  Jessica (D:2)
  4 gnoll boudas
  Ijyb (D:3)
  3 iguanas
  11 orc wizards
  A hell rat (Sewer)
  20 gnolls
  11 adders
  4 river rats
  A white imp (D:5)
  2 worms
  3 dart slugs
  18 orcs
  4 ball pythons
  2 bats
  6 endoplasms
  5 giant cockroaches
  12 goblins
  7 hobgoblins
  5 quokkas
  3 frilled lizards
  9 kobolds
  9 rats
  A spectral goblin (D:1)
241 creatures vanquished.

Vanquished Creatures (others)
  A butterfly (D:8)
  4 fungi
  8 plants
13 creatures vanquished.

Grand Total: 254 creatures vanquished

Notes
Turn   | Place    | Note
-------+----------+-------------------------------------------
     0 | D:1      | qw the Demonspawn Cinder Acolyte began the quest for the
                  | Orb.
     0 | D:1      | Reached XP level 1. HP: 18/18 MP: 2/2
     0 | D:1      | 0 ||| qw: Version: 0.1-a-113-g051387a
     0 | D:1      | 0 ||| qw: Game counter: 6921
     0 | D:1      | 0 ||| qw: Always use a shield: true
     0 | D:1      | 0 ||| qw: God list: Okawaru
     0 | D:1      | 0 ||| qw: Allow faded altars: false
     0 | D:1      | 0 ||| qw: Do Orc after D:15 true
     0 | D:1      | 0 ||| qw: Do second Lair branch before Depths: true
     0 | D:1      | 0 ||| qw: Lair rune preference: random
     0 | D:1      | 0 ||| qw: Plans: Normal
     0 | D:1      | 0 ||| PLANNING D:1-11
   172 | D:1      | Found a faded altar of an unknown god.
   195 | D:1      | Reached skill level 3 in Axes
   200 | D:1      | 200 ||| Stepping ~*~*~tactically~*~*~ (stealth).
   204 | D:1      | 204 ||| Stepping ~*~*~tactically~*~*~ (stealth).
   354 | D:1      | Gained mutation: You are partially covered in razor-sharp
                  | scales. (AC +1, Slay +1) [demonic ancestry]
   354 | D:1      | Reached XP level 2. HP: 24/24 MP: 3/3
   804 | D:1      | Found Ullyseor's Armour Shop.
   817 | D:1      | 817 ||| BUYING +0 chain mail (45 gold).
   817 | D:1      | Bought a +0 chain mail for 45 gold pieces
   817 | D:1      | 817 ||| SHOPLISTING +0 pair of gloves (45 gold, have 29).
   817 | D:1      | 817 ||| SHOPLISTING +1 hat (110 gold, have 29).
   817 | D:1      | 817 ||| SHOPLISTING +2 chain mail of cold resistance (215
                  | gold, have 29).
   966 | D:1      | 966 ||| UPGRADING to +0 leather armour.
   976 | D:1      | 976 ||| DROPPING +0 robe.
   977 | D:1      | 977 ||| UPGRADING to +0 ring mail.
   987 | D:1      | 987 ||| DROPPING +0 leather armour.
   988 | D:1      | 988 ||| UPGRADING to +0 chain mail.
   998 | D:1      | 998 ||| DROPPING +0 ring mail.
   999 | D:1      | 999 ||| UPGRADING to ring of willpower.
  1000 | D:1      | 1000 ||| READING scroll labelled LUUBLE QIUCRAO.
  1001 | D:1      | 1001 ||| READING scroll labelled SUGIYNG UHESHO.
  1002 | D:1      | 1002 ||| READING scroll labelled QASMUFE ROPAAT.
  1003 | D:1      | 1003 ||| READING scroll labelled NIUJAJ QENA.
  1004 | D:1      | 1004 ||| DRINKING 2 black potions.
  1005 | D:1      | 1005 ||| Stepping randomly (stuck).
  1006 | D:1      | 1006 ||| Stepping ~*~*~tactically~*~*~ (cloud).
  1007 | D:1      | 1007 ||| DRINKING potion of curing.
  1007 | D:1      | 1007 ||| (to cure poison)
  1176 | D:2      | 1176 ||| Stepping ~*~*~tactically~*~*~ (stealth).
  1178 | D:2      | 1178 ||| INVOKING Fiery Armour.
  1180 | D:2      | 1180 ||| Stepping ~*~*~tactically~*~*~ (stealth).
  1185 | D:2      | Reached skill level 1 in Armour
  1186 | D:2      | HP: 6/24 [gnoll/+0 club (4)]
  1188 | D:2      | Gained mutation: You have a small tail. [demonic ancestry]
  1188 | D:2      | Reached XP level 3. HP: 7/29 MP: 4/4
  1202 | D:2      | 1202 ||| FLEEEEING.
  1203 | D:2      | 1203 ||| FLEEEEING.
  1204 | D:2      | 1204 ||| FLEEEEING.
  1205 | D:2      | 1205 ||| FLEEEEING.
  1206 | D:2      | 1206 ||| FLEEEEING.
  1207 | D:2      | 1207 ||| FLEEEEING.
  1208 | D:2      | 1208 ||| FLEEEEING.
  1209 | D:2      | 1209 ||| FLEEEEING.
  1211 | D:2      | 1211 ||| STAIRDANCE
  1439 | D:2      | Reached skill level 4 in Axes
  1439 | D:2      | 1439 ||| STAIRDANCE
  1866 | D:2      | 1866 ||| Stepping ~*~*~tactically~*~*~ (hiding).
  1881 | D:2      | Reached XP level 4. HP: 30/35 MP: 5/5
  1925 | D:2      | 1925 ||| SWAPPING to +0 war axe.
  2155 | D:2      | Noticed Jessica
  2157 | D:2      | Killed Jessica
  2507 | D:2      | 2507 ||| UPGRADING to +0 cloak.
  2512 | D:2      | 2512 ||| UPGRADING to ring of protection from cold.
  2513 | D:2      | 2513 ||| UPGRADING to +4 ring of evasion.
  2515 | D:2      | 2515 ||| READING scroll labelled ZIECVIY DUMOTZA.
  2516 | D:2      | 2516 ||| READING scroll labelled NUKEQO YTEUMPA.
  2517 | D:2      | 2517 ||| DRINKING 2 glowing red potions.
  2517 | D:2      | Gained mutation: You occasionally lose the ability to drink
                  | potions when taking damage. [potion of mutation]
  2517 | D:2      | Gained mutation: You are dopey. (Int -2) [potion of
                  | mutation]
  2518 | D:2      | 2518 ||| DRINKING potion of mutation.
  2518 | D:2      | Lost mutation: You occasionally lose the ability to drink
                  | potions when taking damage. [potion of mutation]
  2518 | D:2      | Lost mutation: You are dopey. (Int -2) [potion of mutation]
  2518 | D:2      | Gained mutation: Your body sometimes deteriorates upon
                  | taking damage. [potion of mutation]
  2519 | D:2      | 2519 ||| DRINKING 2 brown potions.
  2520 | D:2      | 2520 ||| DRINKING 3 lumpy inky potions.
  2621 | D:2      | 2621 ||| READING 2 scrolls of identify.
  2621 | D:2      | 2621 ||| IDENTIFYING red potion
  2622 | D:2      | 2622 ||| DROPPING potion of flight.
  2623 | D:2      | 2623 ||| DROPPING 2 potions of ambrosia.
  2645 | D:3      | 2645 ||| STAIRDANCE
  2652 | D:3      | 2652 ||| STAIRDANCE
  2670 | D:3      | 2670 ||| STAIRDANCE
  2850 | D:3      | Noticed Ijyb
  2859 | D:3      | Killed Ijyb
  2860 | D:3      | Reached skill level 5 in Axes
  2860 | D:3      | Reached XP level 5. HP: 33/41 MP: 6/6
  2963 | D:3      | 2963 ||| Stepping ~*~*~tactically~*~*~ (stealth).
  2980 | D:3      | 2980 ||| Stepping ~*~*~tactically~*~*~ (stealth).
  3023 | D:3      | 3023 ||| Stepping ~*~*~tactically~*~*~ (hiding).
  3393 | D:3      | Found Ukhla's Armour Emporium.
  3401 | D:3      | 3401 ||| Stepping ~*~*~tactically~*~*~ (stealth).
  3406 | D:3      | 3406 ||| Stepping ~*~*~tactically~*~*~ (stealth).
  3454 | D:3      | 3454 ||| SHOPLISTING +12 tower shield of Opnomp {rF+ rN+
                  | Str+3} (979 gold, have 120).
  3454 | D:3      | 3454 ||| SHOPLISTING +3 pair of mountain boots {steadfast,
                  | rC+} (368 gold, have 120).
  3633 | D:3      | Found a burning altar of Makhleb.
  3633 | D:3      | Noticed a green death
  3669 | D:3      | 3669 ||| FLEEEEING.
  3670 | D:3      | 3670 ||| FLEEEEING.
  3671 | D:3      | 3671 ||| FLEEEEING.
  3672 | D:3      | 3672 ||| FLEEEEING.
  3673 | D:3      | 3673 ||| FLEEEEING.
  3674 | D:3      | 3674 ||| FLEEEEING.
  3675 | D:3      | 3675 ||| FLEEEEING.
  3676 | D:3      | 3676 ||| FLEEEEING.
  3677 | D:3      | 3677 ||| FLEEEEING.
  3680 | D:3      | 3680 ||| FLEEEEING.
  3681 | D:3      | 3681 ||| FLEEEEING.
  3682 | D:3      | 3682 ||| FLEEEEING.
  3683 | D:3      | 3683 ||| FLEEEEING.
  3687 | D:3      | 3687 ||| FLEEEEING.
  3688 | D:3      | 3688 ||| FLEEEEING.
  3689 | D:3      | 3689 ||| FLEEEEING.
  3690 | D:3      | 3690 ||| FLEEEEING.
  3691 | D:3      | 3691 ||| FLEEEEING.
  3692 | D:3      | 3692 ||| FLEEEEING.
  3693 | D:3      | 3693 ||| FLEEEEING.
  3694 | D:3      | 3694 ||| FLEEEEING.
  3696 | D:3      | 3696 ||| FLEEEEING.
  3700 | D:3      | 3700 ||| FLEEEEING.
  3701 | D:3      | 3701 ||| FLEEEEING.
  3702 | D:3      | 3702 ||| FLEEEEING.
  3706 | D:3      | 3706 ||| FLEEEEING.
  3707 | D:3      | 3707 ||| FLEEEEING.
  3708 | D:3      | 3708 ||| FLEEEEING.
  3709 | D:3      | 3709 ||| FLEEEEING.
  3710 | D:3      | 3710 ||| FLEEEEING.
  3711 | D:3      | 3711 ||| STAIRDANCE
  3764 | D:2      | 3764 ||| READING scroll labelled UXUR UTATUDUO.
  3865 | D:2      | 3865 ||| READING scroll labelled RYCLOCZ QUWN.
  3866 | D:2      | 3866 ||| READING 3 scrolls labelled ZIYZEHA MAOME.
  3867 | D:2      | 3867 ||| DROPPING 2 scrolls of noise.
  4045 | D:4      | 4045 ||| PLANNING SEWER
  4053 | D:4      | 4053 ||| STAIRDANCE
  4284 | D:4      | 4284 ||| Stepping ~*~*~tactically~*~*~ (stealth).
  4392 | D:4      | Found a glowing drain.
  4396 | Sewer    | Entered a sewer
  4416 | Sewer    | 4416 ||| Stepping ~*~*~tactically~*~*~ (water).
  4419 | Sewer    | Reached XP level 6. HP: 47/47 MP: 7/7
  4523 | Sewer    | 4523 ||| INVOKING Fiery Armour.
  4527 | Sewer    | Reached skill level 6 in Axes
  4757 | Sewer    | 4757 ||| READING scroll labelled JELICOBL KYJA.
  4760 | Sewer    | 4760 ||| READING scroll labelled PEAFUELELA.
  4761 | Sewer    | 4761 ||| DRINKING 3 pink potions.
  4771 | D:4      | 4771 ||| PLANNING D:1-11
  4799 | D:4      | 4799 ||| INVOKING Fiery Armour.
  4806 | D:4      | Reached skill level 1 in Dodging
  5011 | D:4      | Noticed Edmund
  5027 | D:4      | Killed Edmund
  5028 | D:4      | Gained mutation: You regenerate magic rapidly. [demonic
                  | ancestry]
  5028 | D:4      | Reached XP level 7. HP: 24/53 MP: 8/8
  5509 | D:4      | Found Itsuwibb's Assorted Antiques.
  5518 | D:4      | 5518 ||| BUYING lumpy dark potion (28 gold).
  5518 | D:4      | Bought a lumpy dark potion for 28 gold pieces
  5518 | D:4      | 5518 ||| BUYING scroll labelled GENEOT ICRIXA (32 gold).
  5518 | D:4      | Bought a scroll labelled GENEOT ICRIXA for 32 gold pieces
  5518 | D:4      | 5518 ||| SHOPLISTING scroll of enchant armour (240 gold,
                  | have 134).
  5518 | D:4      | 5518 ||| BUYING scroll of teleportation (96 gold).
  5518 | D:4      | Bought a scroll of teleportation for 96 gold pieces
  5518 | D:4      | 5518 ||| SHOPLISTING scroll of teleportation (96 gold, have
                  | 38).
  5642 | D:4      | 5642 ||| DROPPING scarf of invisibility.
  5643 | D:4      | 5643 ||| DROPPING ring of ice.
  5644 | D:4      | 5644 ||| READING scroll labelled UDDIDI KANT.
  5644 | D:4      | Identified a scroll of acquirement
  5644 | D:4      | 5644 ||| ACQUIRING +0 pair of boots of Panentheism {rF+ rN+
                  | Dex+4}
  5644 | D:4      | Acquired the +0 pair of boots of Panentheism {rF+ rN+
                  | Dex+4}
  5646 | D:4      | 5646 ||| UPGRADING to +0 pair of boots of Panentheism {rF+
                  | rN+ Dex+4}.
  5651 | D:4      | 5651 ||| READING scroll labelled GENEOT ICRIXA.
  5652 | D:4      | 5652 ||| DRINKING 2 silvery potions.
  5674 | D:5      | Entered Level 5 of the Dungeon
  5689 | D:5      | Found a transporter.
  5689 | D:5      | Noticed qw's ghost (novice GrFi)
  5930 | D:5      | 5930 ||| Stepping ~*~*~tactically~*~*~ (hiding).
  5941 | D:5      | Reached skill level 7 in Axes
  6039 | D:5      | Noticed Duvessa
  6053 | D:5      | 6053 ||| INVOKING Fiery Armour.
  6059 | D:5      | Killed Duvessa
  6094 | D:5      | Noticed Dowan
  6095 | D:5      | 6095 ||| Stepping ~*~*~tactically~*~*~ (stealth).
  6105 | D:5      | Killed Dowan
  6106 | D:5      | Reached skill level 8 in Axes
  6106 | D:5      | Gained mutation: You have a tail ending in a sharp stinger.
                  | [demonic ancestry]
  6106 | D:5      | Reached XP level 8. HP: 17/61 MP: 9/9
  6109 | D:5      | HP: 13/61 [gnoll/+0 halberd[a gnoll bouda] (4)]
  6110 | D:5      | 6110 ||| READING scroll of teleportation.
  6111 | D:5      | 6111 ||| DRINKING 2 potions of heal wounds.
  6120 | D:5      | HP: 11/61 [gnoll/+0 halberd[a gnoll bouda] (7)]
  6121 | D:5      | 6121 ||| DRINKING potion of heal wounds.
  6131 | D:5      | HP: 12/61 [gnoll/+0 spear[a gnoll bouda] (8)]
  6536 | D:5      | 6536 ||| INVOKING Fiery Armour.
  6539 | D:5      | Reached skill level 3 in Armour
  6693 | D:5      | Found Zuojiytu's Weapon Emporium.
  6992 | D:5      | 6992 ||| READING scroll of enchant armour.
  6992 | D:5      | 6992 ||| ENCHANTING +0 cloak.
  7094 | D:5      | Found a shimmering altar of Xom.
  7482 | D:5      | 7482 ||| READING scroll labelled HAEDEL REEHOTS.
  7483 | D:5      | 7483 ||| READING 3 scrolls of identify.
  7483 | D:5      | 7483 ||| IDENTIFYING amethyst potion
  7484 | D:5      | 7484 ||| READING 2 scrolls of identify.
  7484 | D:5      | 7484 ||| IDENTIFYING lumpy dark potion
  7485 | D:5      | 7485 ||| DROPPING potion of berserk rage.
  7486 | D:5      | 7486 ||| DROPPING potion of degeneration.
  7549 | D:6      | Noticed Prince Ribbit
  7571 | D:6      | Killed Prince Ribbit
  7572 | D:6      | Reached skill level 9 in Axes
  7577 | D:6      | 7577 ||| Stepping ~*~*~tactically~*~*~ (stealth).
  7589 | D:6      | 7589 ||| DRINKING 3 potions of curing.
  7589 | D:6      | 7589 ||| (to cure confusion)
  7678 | D:6      | Noticed Sigmund
  7679 | D:6      | 7679 ||| Stepping ~*~*~tactically~*~*~ (hiding).
  7680 | D:6      | 7680 ||| Stepping ~*~*~tactically~*~*~ (hiding).
  7690 | D:6      | Killed Sigmund
  7691 | D:6      | Reached XP level 9. HP: 55/68 MP: 10/10
  7838 | D:6      | Noticed a two-headed ogre
  7839 | D:6      | Noticed a boulder beetle
  7872 | D:6      | 7872 ||| DRINKING 2 potions of curing.
  7872 | D:6      | 7872 ||| (to cure confusion)
  7972 | D:6      | Found a staircase to the Ecumenical Temple.
  7973 | D:6      | 7973 ||| Stepping ~*~*~tactically~*~*~ (hiding).
  8188 | D:6      | 8188 ||| Stepping ~*~*~tactically~*~*~ (stealth).
  8189 | D:6      | 8189 ||| INVOKING Fiery Armour.
  8192 | D:6      | Reached skill level 6 in Fighting
  8192 | D:6      | 8192 ||| FLEEEEING.
  8296 | D:6      | 8296 ||| Stepping ~*~*~tactically~*~*~ (stealth).
  8299 | D:6      | 8299 ||| Stepping ~*~*~tactically~*~*~ (hiding).
  8300 | D:6      | 8300 ||| Stepping ~*~*~tactically~*~*~ (hiding).
  8395 | D:6      | 8395 ||| UPGRADING to +0 buckler.
  8400 | D:6      | 8400 ||| UPGRADING to +0 helmet.
  8405 | D:6      | 8405 ||| UPGRADING to +0 pair of gloves.
  8410 | D:6      | 8410 ||| READING 3 scrolls of identify.
  8410 | D:6      | 8410 ||| IDENTIFYING smoky brown potion
  8411 | D:6      | 8411 ||| READING 2 scrolls of identify.
  8411 | D:6      | 8411 ||| IDENTIFYING blue potion
  8412 | D:6      | 8412 ||| DROPPING potion of attraction.
  8426 | D:7      | 8426 ||| Stepping ~*~*~tactically~*~*~ (hiding).
  8434 | D:7      | 8434 ||| INVOKING Fiery Armour.
  8450 | D:7      | Reached skill level 1 in Shields
  8755 | D:7      | Noticed Maggie
  8771 | D:7      | Killed Maggie
  8960 | D:7      | 8960 ||| Stepping ~*~*~tactically~*~*~ (hiding).
  8968 | D:7      | 8968 ||| Stepping ~*~*~tactically~*~*~ (hiding).
  8972 | D:7      | 8972 ||| Stepping ~*~*~tactically~*~*~ (hiding).
  8983 | D:7      | 8983 ||| INVOKING Fiery Armour.
  8986 | D:7      | Reached skill level 3 in Shields
  8991 | D:7      | 8991 ||| Stepping ~*~*~tactically~*~*~ (hiding).
  9252 | D:7      | Found Geudoaf's General Store.
  9258 | D:7      | 9258 ||| BUYING 2 scrolls of teleportation (72 gold).
  9258 | D:7      | Bought 2 scrolls of teleportation for 72 gold pieces
  9258 | D:7      | 9258 ||| BUYING scroll of identify (24 gold).
  9258 | D:7      | Bought a scroll of identify for 24 gold pieces
  9414 | D:7      | Noticed a troll
  9427 | D:7      | 9427 ||| INVOKING Fiery Armour.
  9427 | D:7      | HP: 17/69 [troll (5)]
  9427 | D:7      | Killed a troll
  9428 | D:7      | Reached skill level 10 in Axes
  9678 | D:7      | Identified the +4 plate armour of the Gastropod {Slay+2}
  9729 | D:7      | Found the +18 Lear's hauberk
 10031 | D:7      | Found a hazy altar of Hepliaklqana.
 10140 | D:7      | 10140 ||| UPGRADING to +4 plate armour of the Gastropod
                  | {Slay+2}.
 10150 | D:7      | 10150 ||| DROPPING +0 chain mail.
 10151 | D:7      | 10151 ||| UPGRADING to -2 helmet of see invisible.
 10177 | D:8      | 10177 ||| STAIRDANCE
 10227 | D:8      | 10227 ||| STAIRDANCE
 10316 | D:8      | 10316 ||| STAIRDANCE
 10329 | D:8      | 10329 ||| STAIRDANCE
 10430 | D:8      | Found an opulent altar of Gozag.
 10464 | D:8      | Noticed Joseph
 10467 | D:8      | Found a hide-covered altar of Uskayaw.
 10472 | D:8      | 10472 ||| INVOKING Fiery Armour.
 10472 | D:8      | Paralysed by Joseph for 2 turns
 10473 | D:8      | HP: 11/68 [acid dragon/splash of acid (8)]
 10474 | D:8      | 10474 ||| READING 8 scrolls of teleportation.
 10475 | D:8      | 10475 ||| DRINKING 2 potions of heal wounds.
 10479 | D:8      | Reached skill level 6 in Armour
 10730 | D:8      | Gained mutation: Spells you cast may paralyse adjacent
                  | enemies. [demonic ancestry]
 10730 | D:8      | Reached XP level 10. HP: 72/77 MP: 11/11
 10750 | D:8      | Found a transporter.
 10760 | D:8      | Noticed qw's ghost (novice DsCA)
 11032 | D:8      | 11032 ||| Stepping ~*~*~tactically~*~*~ (stealth).
 11036 | D:8      | 11036 ||| Stepping ~*~*~tactically~*~*~ (stealth).
 11226 | D:8      | 11226 ||| Stepping ~*~*~tactically~*~*~ (stealth).
 11345 | D:8      | Identified the +4 scale mail "Fiemp" {Will++ Dex+2 Slay-4
                  | Stlth+}
 11347 | D:8      | Found a transporter.
 11422 | D:8      | 11422 ||| Stepping ~*~*~tactically~*~*~ (hiding).
 11442 | D:8      | Killed Joseph
 11643 | D:8      | 11643 ||| DROPPING +1 cloak.
 11644 | D:8      | 11644 ||| DROPPING ring of magical power.
 11645 | D:8      | 11645 ||| READING scroll labelled EKHOSE QOOSO.
 11793 | D:8      | 11793 ||| READING scroll labelled LEJORU PAMMAI.
 11794 | D:8      | 11794 ||| READING 3 scrolls of identify.
 11794 | D:8      | 11794 ||| IDENTIFYING fuming brown potion
 11795 | D:8      | 11795 ||| DROPPING potion of invisibility.
 11841 | D:8      | 11841 ||| Stepping ~*~*~tactically~*~*~ (stealth).
 11863 | D:9      | 11863 ||| INVOKING Fiery Armour.
 12003 | D:9      | Found a staircase to the Orcish Mines.
 12099 | D:9      | Found a blossoming altar of Fedhas.
 12141 | D:9      | Paralysed by a hornet for 2 turns
 12149 | D:9      | 12149 ||| INVOKING Fiery Armour.
 12150 | D:9      | HP: 17/79 [hornet (7)]
 12155 | D:9      | HP: 9/79 [poisoned by a hornet]
 12502 | D:9      | 12502 ||| DROPPING +0 vorpal war axe.
 12551 | D:9      | Found a staircase to the Lair.
 12629 | D:9      | Found an ancient bone altar of Kikubaaqudgha.
 12640 | D:9      | Found a shimmering blue altar of Sif Muna.
 12675 | D:9      | Found a radiant altar of Vehumet.
 12736 | D:9      | Reached skill level 11 in Axes
 12805 | D:9      | 12805 ||| Stepping ~*~*~tactically~*~*~ (hiding).
 12862 | D:9      | 12862 ||| READING scroll of enchant armour.
 12862 | D:9      | 12862 ||| ENCHANTING +0 pair of gloves.
 12980 | D:9      | Noticed a deep elf pyromancer
 12987 | D:9      | Killed a deep elf pyromancer
 13044 | D:9      | 13044 ||| PLANNING LAIR
 13044 | D:9      | 13044 ||| UPGRADING to amulet of guardian spirit.
 13087 | Lair:1   | Entered Level 1 of the Lair of Beasts
 13099 | Lair:1   | 13099 ||| Stepping ~*~*~tactically~*~*~ (stealth).
 13106 | Lair:1   | 13106 ||| Stepping ~*~*~tactically~*~*~ (stealth).
 13107 | Lair:1   | 13107 ||| Stepping ~*~*~tactically~*~*~ (stealth).
 13108 | Lair:1   | 13108 ||| Stepping ~*~*~tactically~*~*~ (stealth).
 13109 | Lair:1   | 13109 ||| Stepping ~*~*~tactically~*~*~ (stealth).
 13113 | Lair:1   | 13113 ||| Stepping ~*~*~tactically~*~*~ (stealth).
 13114 | Lair:1   | 13114 ||| Stepping ~*~*~tactically~*~*~ (stealth).
 13118 | Lair:1   | 13118 ||| INVOKING Fiery Armour.
 13353 | Lair:1   | Noticed a cane toad
 13361 | Lair:1   | Killed a cane toad
 13530 | Lair:1   | 13530 ||| PLANNING TEMPLE
 13701 | Temple   | Entered the Ecumenical Temple
 13855 | Temple   | 13855 ||| PLANNING CONVERSION TO OKAWARU
 13860 | Temple   | Fell from the grace of Ignis
 13860 | Temple   | Became a worshipper of Warmaster Okawaru
 13861 | Temple   | 13861 ||| PLANNING LAIR
 13861 | Temple   | 13861 ||| REMOVING amulet of guardian spirit.
 13866 | Temple   | 13866 ||| DROPPING amulet of guardian spirit.
 14067 | Lair:1   | 14067 ||| Stepping ~*~*~tactically~*~*~ (stealth).
 14082 | Lair:1   | Gained mutation: When hurt, damage is shared between your
                  | health and your magic reserves. [demonic ancestry]
 14082 | Lair:1   | Reached XP level 11. HP: 39/86 MP: 12/12
 14358 | Lair:1   | Reached skill level 12 in Axes
 14481 | Lair:1   | Reached * piety under Okawaru
 14751 | Lair:1   | 14751 ||| INVOKING Heroism.
 14993 | Lair:1   | 14993 ||| READING 2 scrolls of identify.
 14993 | Lair:1   | 14993 ||| IDENTIFYING grey potion
 15025 | Lair:2   | 15025 ||| INVOKING Heroism.
 15026 | Lair:2   | 15026 ||| STAIRDANCE
 15033 | Lair:1   | Reached skill level 1 in Invocations
 15059 | Lair:2   | 15059 ||| STAIRDANCE
 15061 | Lair:1   | 15061 ||| INVOKING Heroism.
 15101 | Lair:2   | 15101 ||| INVOKING Heroism.
 15102 | Lair:2   | 15102 ||| STAIRDANCE
 15185 | Lair:2   | 15185 ||| INVOKING Heroism.
 15187 | Lair:2   | 15187 ||| STAIRDANCE
 15244 | Lair:2   | 15244 ||| INVOKING Heroism.
 15253 | Lair:2   | Reached skill level 3 in Invocations
 15307 | Lair:2   | Identified the +11 hand axe "Emif" {protect, Str+4}
 15309 | Lair:2   | 15309 ||| SWAPPING to +11 hand axe "Emif" {protect, Str+4}.
 15310 | Lair:2   | 15310 ||| DROPPING +1 war axe.
 15369 | Lair:2   | 15369 ||| INVOKING Heroism.
 15556 | Lair:2   | Noticed a catoblepas
 15557 | Lair:2   | 15557 ||| Stepping ~*~*~tactically~*~*~ (hiding).
 15559 | Lair:2   | 15559 ||| Stepping ~*~*~tactically~*~*~ (hiding).
 15562 | Lair:2   | 15562 ||| INVOKING Heroism.
 15570 | Lair:2   | 15570 ||| Stepping ~*~*~tactically~*~*~ (cloud).
 15573 | Lair:2   | 15573 ||| Stepping ~*~*~tactically~*~*~ (cloud).
 15576 | Lair:2   | 15576 ||| Stepping ~*~*~tactically~*~*~ (cloud).
 15578 | Lair:2   | 15578 ||| Stepping ~*~*~tactically~*~*~ (cloud).
 15579 | Lair:2   | Killed a catoblepas
 15580 | Lair:2   | Reached skill level 3 in Dodging
 15738 | Lair:2   | Reached ** piety under Okawaru
 15789 | Lair:2   | You fall into a shaft and drop 2 floors!
 15789 | Lair:4   | Noticed Rupert
 15790 | Lair:4   | 15790 ||| DRINKING 4 potions of curing.
 15790 | Lair:4   | 15790 ||| (to cure confusion)
 15791 | Lair:4   | 15791 ||| INVOKING Heroism.
 15818 | Lair:4   | 15818 ||| INVOKING Heroism.
 15822 | Lair:4   | HP: 14/86 [Rupert/+1 battleaxe of flaming (15)]
 15823 | Lair:4   | 15823 ||| READING 9 scrolls of teleportation.
 15823 | Lair:4   | HP: 5/86 [Rupert/+1 battleaxe of flaming (2)]
 15824 | Lair:4   | 15824 ||| DRINKING 2 potions of heal wounds.
 15825 | Lair:4   | 15825 ||| DRINKING potion of heal wounds.
 15828 | Lair:4   | Killed Rupert
 15829 | Lair:4   | Reached skill level 13 in Axes
 15830 | Lair:4   | 15830 ||| READING 8 scrolls of teleportation.
 15830 | Lair:4   | HP: 15/86 [blink frog (2)]
 15835 | Lair:4   | 15835 ||| DRINKING 3 potions of curing.
 15835 | Lair:4   | 15835 ||| (to cure poison)
 15837 | Lair:4   | 15837 ||| READING 7 scrolls of teleportation.
 15840 | Lair:4   | Noticed Nessos
 15841 | Lair:4   | 15841 ||| READING 6 scrolls of teleportation.
 15841 | Lair:4   | HP: 12/87 [Nessos/arrow (6)]
 15843 | Lair:4   | HP: 1/87 [komodo dragon (10)]
 15844 | Lair:4   | Shot with an arrow by Nessos

Levels and vault maps discovered:
D:1:      ncdulo_smallfort, layout_loops_ring, serial_shops,
          nicolae_shop_advertising_works [nicolae_subvault_shop_adworks],
          dreamdust_ecumenical_altar_drowned_temple
D:2:      layout_loops_ring, nicolae_figureground_sparkle, uniq_jessica
D:3:      layout_loops_ring, makhleb_altar_promises_db, serial_shops, shop,
          uniq_ijyb
D:4:      nicolae_cairo_tiling, layout_loops_ring, serial_shops,
          nicolae_square_shop, gup_sewer_entry_bowl, corexii_checkpoint_a,
          uniq_edmund
D:5:      layout_basic, lemuel_coloured_pillars_altar, gammafunk_ghost_smash,
          serial_shops, nicolae_shop_waterfront, minmay_joined_circles,
          uniq_duvessa
D:6:      layout_cave_pools, minmay_temple_entry_proselytizer,
          lightli_corner_chamber, uniq_prince_ribbit1, uniq_sigmund
D:7:      layout_loops_ring, nicolae_overflow_hidden_temple, serial_shops,
          kennysheep_little_box, hellmonk_guarded_unrand_lears, uniq_maggie
D:8:      layout_rooms, nicolae_elyvilon_peaceful_grove,
          mainiacjoe_overflow_boulevard, mainiacjoe_overflow_tiny_flanked,
          gammafunk_ghost_gnarly_gnolls, enter_bailey_5,
          kennysheep_generic_room_8, uniq_joseph
D:9:      layout_irregular_city, palyth_temple_overflow_mages,
          lemuel_round_altar, lair_entry_dummy, orc_0_dummy,
          serial_column_ruins, column_ruins_hut, column_ruins_hut,
          column_ruins_open_small, column_ruins_grid_1,
          column_ruins_corridor_straight
Temple:   grunt_temple_mini_profane
Lair:1:   layout_regular_city, serial_bayou_lagoon_b
Lair:2:   layout_cave_shapes, serial_bayou_shore_b
Lair:4:   layout_cave_pods, uniq_rupert, uniq_nessos

Skill      XL: |  1  2  3  4  5  6  7  8  9 10 11 |
---------------+----------------------------------+-----
Axes           | 3 4 5 6 8 9 10 11 13 | 13.0
Armour         | 1 2 3 6 7 |  7.0
Dodging        | 1 2 3 |  3.3
Fighting       | 4 5 6 8 |  8.6
Shields        | 3 4 |  4.3
Throwing       | 2 |  2.2
Invocations    | 4 |  4.1
Spellcasting   | |  1.0
Fire Magic     | |  2.6

Action                   |  1- 3 |  4- 6 |  7- 9 | 10-12 || total
-------------------------+-------+-------+-------+-------++-------
Melee: Hand axe          |    74 |       |       |    57 ||   131
       Tailslap          |     4 |    19 |    56 |    48 ||   127
       War axe           |       |   189 |   327 |   229 ||   745
       Punch             |       |     2 |     2 |       ||     4
       Unarmed           |       |       |    28 |       ||    28
Throw: Boomerang         |       |       |       |    40 ||    40
Invok: Fiery Armour      |     1 |     2 |     7 |     3 ||    13
       Heroism           |       |       |       |    10 ||    10
  Use: Scroll            |     4 |     8 |    10 |     9 ||    31
       Potion            |     2 |     5 |     6 |     4 ||    17
 Stab: Sleeping          |     1 |       |       |       ||     1
Armor: Robe              |     6 |       |       |       ||     6
       Chain mail        |    26 |    78 |   173 |       ||   277
       Skin              |       |       |     5 |       ||     5
       Plate armour      |       |       |    21 |   140 ||   161
Dodge: Dodged            |    10 |   101 |   244 |   124 ||   479
Block: Buckler           |       |       |    28 |    56 ||    84

Table legend:
 A = Non-vault XP
 B = Vault XP
 C = Vault XP percentage of total XP
 D = Non-vault monster count
 E = Vault monster count
 F = Vault count percentage of total count
                 A         B        C        D         E       F
            +---------+---------+-------+---------+---------+-------
      Total |   14841 |    5370 |  26.6 |     191 |      48 |  20.1
            +---------+---------+-------+---------+---------+-------
        D:1 |      19 |       1 |   5.0 |      11 |       1 |   8.3
        D:2 |     113 |      37 |  24.7 |      29 |       1 |   3.3
        D:3 |     107 |      36 |  25.2 |      25 |       1 |   3.8
        D:4 |     218 |     192 |  46.8 |      12 |       7 |  36.8
        D:5 |     838 |     597 |  41.6 |      12 |      11 |  47.8
        D:6 |     449 |     565 |  55.7 |      10 |       3 |  23.1
        D:7 |    1241 |     691 |  35.8 |      30 |       2 |   6.2
        D:8 |    1158 |     493 |  29.9 |      13 |       5 |  27.8
        D:9 |    1177 |     802 |  40.5 |      10 |       6 |  37.5
     Lair:1 |    5690 |       0 |   0.0 |      24 |       0 |   0.0
     Lair:2 |    2202 |       0 |   0.0 |       7 |       0 |   0.0
     Lair:4 |    1629 |    1879 |  53.6 |       8 |       1 |  11.1
      Sewer |       0 |      77 | 100.0 |       0 |      10 | 100.0
            +---------+---------+-------+---------+---------+-------
